 Dungeon Crawl Stone Soup version 0.24.1-4-ge52af88ad5 (webtiles) character file.

Game seed: 5415360774445815049, levelgen mode: deterministic

16 H0rd4k the Magician (level 2, 0/15 HPs)
             Began as a Deep Elf Wizard on Apr 15, 2020.
             Slain by a jackal (2 damage)
             ... on level 1 of the Dungeon.
             The game lasted 00:01:11 (472 turns).

H0rd4k the Magician (Deep Elf Wizard)                Turns: 472, Time: 00:01:11

Health: 0/15       AC:  2    Str:  4    XL:     2   Next: 41%
Magic:  0/10       EV: 13    Int: 22    God:
Gold:   8          SH:  0    Dex: 13    Spells: 10/11 levels left

rFire    . . .     SeeInvis .   (no weapon)
rCold    . . .     Gourm    .   (no shield)
rNeg     . . .     Faith    .   a - +0 robe
rPois    .         Spirit   .   b - +0 hat
rElec    .         Reflect  .   (no cloak)
rCorr    .         Harm     .   (no gloves)
MR       .....                  (no boots)
Stlth    ++........             (no amulet)
HPRegen  0.05/turn              (no ring)
MPRegen  0.12/turn              (no ring)

@: no status effects
A: no striking features
a: no special abilities


You were on level 1 of the Dungeon.
You were not hungry.

You visited 1 branch of the dungeon, and saw 1 of its levels.

You collected 8 gold pieces.

Inventory:

Armour
 a - a +0 robe (worn)
 b - a +0 hat (worn)
Scrolls
 c - 2 scrolls of magic mapping {unknown}
 e - a scroll of remove curse {unknown}
 f - a scroll of fear {unknown}
 g - a scroll of enchant weapon {unknown}
 h - a scroll of noise {unknown}
Comestibles
 d - 2 rations


   Skills:
 + Level 2.6 Dodging
 + Level 2.4 Stealth
 + Level 5.3 Spellcasting
 + Level 1.2 Conjurations
   Level 1.1 Summonings
   Level 1.1 Translocations


You had 10 spell levels left.
You knew the following spells:

 Your Spells              Type           Power        Failure   Level  Hunger
a - Magic Dart            Conj           ##..         6%          1    None

Your spell library contained the following spells:

 Spells                   Type           Power        Failure   Level  Hunger
 Blink                    Tloc           N/A          10%         2    None
 Call Imp                 Summ           ##......     10%         2    None
 Slow                     Hex            #.......     16%         2    None
 Conjure Flame            Conj/Fire      #.......     22%         3    ##.....
 Mephitic Cloud           Conj/Pois/Air  #.......     26%         3    ##.....


Dungeon Overview and Level Annotations

Branches:
Dungeon (1/15)

Altars:


Message History

Confirm with . or Enter, or press ? or * to list all spells.
You don't have enough magic to cast that spell.
Unknown command.
You hit the jackal but do no damage.
The jackal is moderately wounded.
The jackal completely misses you. The jackal bites you.
* * * LOW HITPOINT WARNING * * *
Casting: Magic Dart (safe; 6% risk of failure)
Confirm with . or Enter, or press ? or * to list all spells.
Aiming: Magic Dart (safe; 6% risk of failure)
Press: ? - help, Shift-Dir - straight line, f/p - jackal
Aim: a jackal (moderately wounded)
The magic dart hits the jackal but does no damage.
The jackal is moderately wounded.
The jackal bites you.
* * * LOW HITPOINT WARNING * * *
You aren't carrying any potions.
The jackal barely misses you. The jackal bites you.
You die...

#.......†...####### #######
........####......###### #.....#
......#.# #.####......# #.###.#
#.h.###.# #.# ######.###.###.#
#...###.# ##.####### #.......#.#
#.......# #........# #####.....#
#...##### ##.#####.# #.###.##
#..)# ########.# #.# #.). #...#
#.....@..#######.###.##
#...#######.#####h.#..)..#.....##
............#####..#.....########
.........................# #
............#####..#.....# ##
......#####.#####†.#.....# #.
....#.#####........####### #.
.........####......# #.
....#.##.# #.###### #.


You could see a jackal.

Vanquished Creatures
  2 bats (D:1)
  2 giant cockroaches (D:1)
  2 hobgoblins (D:1)
  A jackal (D:1)
  A frilled lizard (D:1)
  2 goblins (D:1)
  3 kobolds (D:1)
  3 rats (D:1)
16 creatures vanquished.

Notes
Turn   | Place    | Note
-------+----------+-------------------------------------------
     0 | D:1      | H0rd4k the Deep Elf Wizard began the quest for the Orb.
     0 | D:1      | Reached XP level 1. HP: 10/10 MP: 7/7
   214 | D:1      | Reached skill level 5 in Spellcasting
   282 | D:1      | Reached XP level 2. HP: 15/15 MP: 6/10
   472 | D:1      | Slain by a jackal

Levels and vault maps discovered:
D:1:      ncdulo_lavacross, layout_loops_cross

Skill      XL: |  1 |
---------------+----+-----
Spellcasting   | 5 |  5.3
Dodging        | |  2.6
Stealth        | |  2.4
Conjurations   | |  1.2
Summonings     | |  1.1
Translocations | |  1.1

Action                   || total
-------------------------++-------
Melee: Unarmed           ||     1
 Cast: Magic Dart        ||    40
Armor: Robe              ||     4
Dodge: Dodged            ||    18
